 Dungeon Crawl Stone Soup version 0.29-a0-821-g6639535 (webtiles) character file.

Game seed: 6302224225692003521

4474 Illumine the Cleaver (level 10, -12/90 HPs)
             Began as a Minotaur Fighter on July 7, 2022.
             Was a Follower of Makhleb.
             Mangled by a two-headed ogre
             ... wielding a +0 giant club
              (18 damage)
             ... on level 9 of the Dungeon.
             The game lasted 00:05:41 (8223 turns).

Illumine the Cleaver (Minotaur Fighter)             Turns: 8223, Time: 00:05:42

Health: -12/90     AC: 12    Str: 24    XL:     10   Next: 15%
Magic:  12/12      EV:  8    Int:  5    God:    Makhleb [*.....]
Gold:   418        SH:  4    Dex: 11    Spells: 9/9 levels left

rFire   . . .      SeeInvis .   a - +0 war axe
rCold   . . .      Faith    .   c - +0 buckler
rNeg    . . .      Spirit   .   n - +0 chain mail
rPois   .          Reflect  .   (helmet restricted)
rElec   .          Harm     .   G - +0 cloak
rCorr   .          Rampage  .   (no gloves)
Will    .....                   (no boots)
Stlth   ..........              (no amulet)
HPRegen 0.25/turn               (no ring)
MPRegen 0.13/turn               (no ring)

@: no status effects
A: horns 2, retaliatory headbutt
a: Renounce Religion


You were on level 9 of the Dungeon.
You worshipped Makhleb.
Makhleb was aware of your devotion.
You visited 2 branches of the dungeon, and saw 10 of its levels.

You collected 418 gold pieces.

Inventory:

Hand Weapons
 a - a +0 war axe (weapon)
 b - the +1 flail of Vodao {venom, rPois Dex+4}
   (You found it on level 2 of the Dungeon)

   It poisons the flesh of those it strikes.
   Dex:       It affects your dexterity (+4).
   rPois:     It protects you from poison.
 D - the +3 sling of Righteous Fury {venom, rN+}
   (You found it on level 7 of the Dungeon)

   Any ammunition fired from it poisons the flesh of those it strikes.
   rN:        It protects you from negative energy.
Armour
 c - a +0 buckler (worn)
 n - a +0 chain mail (worn)
 G - a +0 cloak (worn)
Wands
 r - a wand of quicksilver (2)
 t - a wand of flame (13)
 v - a wand of roots (1)
 y - a wand of mindburst (13)
 C - a wand of polymorph (11)
Scrolls
 e - 2 scrolls of magic mapping {unknown}
 f - 2 scrolls of fog {unknown}
 h - 5 scrolls of poison {unknown}
 i - 4 scrolls of immolation {unknown}
 j - 13 scrolls of identify {unknown}
 k - 2 scrolls of summoning {unknown}
 m - 2 scrolls of vulnerability {unknown}
 p - 5 scrolls of enchant armour {unknown}
 s - a scroll of enchant weapon {unknown}
 u - a scroll of brand weapon {unknown}
 x - 5 scrolls of teleportation {unknown}
 A - 3 scrolls of fear {unknown}
 B - 2 scrolls of amnesia {unknown}
 E - 2 scrolls of noise {unknown}
 F - a scroll of acquirement {unknown}
Potions
 d - 2 potions of brilliance {unknown}
 g - 2 potions of curing
 l - a potion of degeneration {unknown}
 o - a potion of mutation {unknown}
 q - a potion of attraction {unknown}
 w - a potion of cancellation {unknown}
 z - 2 potions of lignification {unknown}


   Skills:
 + Level 8.9 Fighting
 * Level 11.7 Axes
 + Level 8.9 Armour
 - Level 4.0 Shields
 + Level 4.3 Invocations
 + Level 3.0 Evocations


You had 9 spell levels left.
You didn't know any spells.
Your spell library contained the following spells:

 Spells                   Type           Power      Damage    Failure   Level
 Magic Dart               Conj           0%         1d3       98%         1
 Call Imp                 Summ           0%         N/A       99%         2
 Poisonous Vapours        Pois/Air       0%         N/A       99%         2
 Call Canine Familiar     Summ           0%         N/A       100%        3
 Gell's Gravitas          Tloc           0%         N/A       100%        3
 Lesser Beckoning         Tloc           0%         N/A       100%        3
 Mephitic Cloud           Conj/Pois/Air  0%         N/A       100%        3
 Portal Projectile        Hex/Tloc       0%         N/A       100%        3
 Teleport Other           Tloc           0%         N/A       100%        3
 Corpse Rot               Necr/Pois/Air  0%         N/A       100%        4
 Hailstorm                Conj/Ice       0%         3d3       100%        4
 Ice Form                 Ice/Tmut       0%         N/A       100%        4
 Leda's Liquefaction      Hex/Erth       0%         N/A       100%        4
 Summon Lightning Spire   Summ/Air       0%         N/A       100%        4
 Simulacrum               Ice/Necr       0%         N/A       100%        6
 Storm Form               Tmut/Air       0%         N/A       100%        7
 Maxwell's Capacitive Co  Air            0%         ∞         100%        8


Dungeon Overview and Level Annotations

Branches:
Dungeon (9/15)             Temple (1/1) D:5            Lair (0/6) D:8
    Orc: D:9-12

Altars:
Cheibriados
Dithmenos
Elyvilon
Fedhas
Gozag
Hepliaklqana
Kikubaaqudgha
Makhleb
Nemelex Xobeh
Okawaru
Qazlal
Ru
Trog
Uskayaw
Vehumet
Wu Jian
Xom
Yredelemnul
Zin
The Shining One

Annotations:
D:4 Blork the orc
D:5 2 runed translucent doors, Think's ghost, novice OpFi
Temple 2 transporters


Innate Abilities, Weirdness & Mutations

You have a pair of horns on your head.
You reflexively headbutt those who attack you in melee.


Message History

a +0 dagger; 6 poisoned darts
f - 2 scrolls labelled ZATSAMN OBBYU (gained 1)
Found a stone staircase leading up.
No target in view!
Key pressed, stopping explore.
No target in view!
Key pressed, stopping explore.
No target in view!
No target in view!
You now have 418 gold pieces (gained 17).
k - 2 scrolls labelled CATUEDWISAH (gained 1)
You pick up a book of the Hunter and begin reading...
You add the spells Call Canine Familiar, Portal Projectile and Leda's Liquefaction to your library.
No target in view!
z - 2 grey potions (gained 1)
A two-headed ogre comes into view.
It is wielding a +0 giant club and a +0 giant spiked club.
The two-headed ogre shouts in stereo!
A two-headed ogre is nearby!
The two-headed ogre hits you with a +0 giant club!
The two-headed ogre completely misses you.
You hit the two-headed ogre.
The two-headed ogre is lightly wounded.
The two-headed ogre hits you with a +0 giant club!!
The two-headed ogre hits you with a +0 giant spiked club!!
You slash the two-headed ogre!
The two-headed ogre is lightly wounded.
Unknown command.
Aiming: Fastroot
Press: ? - help, Shift-Dir - straight line, f - two-headed ogre
Aim: a two-headed ogre, wielding a +0 giant club and a +0 giant spiked club (lightly wounded)
Okay, then.
Aiming: Quicksilver Bolt
Press: ? - help, Shift-Dir - straight line, f - two-headed ogre
Aim: a two-headed ogre, wielding a +0 giant club and a +0 giant spiked club (lightly wounded, 88% to hit)
The bolt of dispelling energy hits the two-headed ogre!!
The two-headed ogre is heavily wounded.
The two-headed ogre hits you with a +0 giant club!!
* * * LOW HITPOINT WARNING * * *
The two-headed ogre hits you with a +0 giant spiked club!!
You die...

#.#.......... #
#.#.#.######
..#........####
#.....#.##.....
#..#....##..###
##....#.##..##
....#........#
.#########.#.#.##...#
......O@.....#......#
##########.######.#.####
#........#.....
###############


You could see a two-headed ogre.

Vanquished Creatures
  Pikel (D:4)
  A komodo dragon (D:8)
  A slime creature (D:8)
  2 yaks (D:8)
  2 steam dragons (D:8)
  Menkaure (D:5)
  6 ice beasts
  2 orc warriors (D:8)
  A sky beast (D:6)
  A phantom (D:4)
  A kobold brigand (D:9)
  3 bullfrogs
  2 necrophages
  3 scorpions
  4 wights (D:8)
  6 killer bees
  A howler monkey (D:9)
  4 hounds
  3 jellies
  A gnoll bouda (D:7)
  5 orc priests
  Ijyb (D:3)
  4 iguanas
  5 orc wizards
  Robin (D:4)
  13 gnolls
  7 adders
  A white imp (D:6)
  An ufetubus (D:5)
  4 worms
  2 dart slugs
  18 orcs
  8 bats
  6 endoplasms
  2 giant cockroaches (D:3)
  12 hobgoblins
  10 jackals
  7 quokkas
  2 ball pythons
  2 frilled lizards
  18 goblins
  19 kobolds
  5 rats
199 creatures vanquished.

Vanquished Creatures (others)
  8 fungi (D:8)
  9 plants (D:8)
17 creatures vanquished.

Grand Total: 216 creatures vanquished

Notes
Turn   | Place    | Note
-------+----------+-------------------------------------------
     0 | D:1      | Illumine the Minotaur Fighter began the quest for the Orb.
     0 | D:1      | Reached XP level 1. HP: 19/19 MP: 0/0
    86 | D:1      | Reached XP level 2. HP: 23/27 MP: 1/1
   145 | D:1      | Reached skill level 3 in Axes
   272 | D:1      | Found a faded altar of an unknown god.
   500 | D:1      | Reached XP level 3. HP: 33/33 MP: 2/2
   933 | D:2      | Identified the +1 flail of Vodao {venom, rPois Dex+4}
  1206 | D:2      | Reached XP level 4. HP: 40/40 MP: 3/3
  1450 | D:3      | Reached skill level 4 in Axes
  1631 | D:3      | Reached XP level 5. HP: 15/47 MP: 4/4
  1850 | D:3      | Noticed Ijyb
  1855 | D:3      | Killed Ijyb
  2330 | D:3      | Reached skill level 5 in Axes
  2829 | D:4      | Found a radiant altar of Vehumet.
  2896 | D:4      | Reached skill level 5 in Fighting
  2896 | D:4      | Reached skill level 5 in Armour
  2906 | D:4      | Reached XP level 6. HP: 45/56 MP: 5/5
  3070 | D:4      | Noticed Robin
  3084 | D:4      | Killed Robin
  3090 | D:4      | Noticed Pikel
  3101 | D:4      | Killed Pikel
  3102 | D:4      | Reached skill level 7 in Axes
  3102 | D:4      | Reached XP level 7. HP: 28/63 MP: 6/6
  3401 | D:4      | Noticed Blork the orc
  3440 | D:5      | Entered Level 5 of the Dungeon
  3451 | D:5      | Reached skill level 8 in Axes
  3582 | D:5      | Noticed Menkaure
  3592 | D:5      | Killed Menkaure
  3593 | D:5      | Reached XP level 8. HP: 60/71 MP: 7/7
  3697 | D:5      | Found a runed translucent door.
  3710 | D:5      | Noticed Think's ghost (novice OpFi)
  4022 | D:5      | Found a runed translucent door.
  4055 | D:5      | Found a staircase to the Ecumenical Temple.
  4069 | Temple   | Entered the Ecumenical Temple
  4069 | Temple   | Found a transporter.
  4069 | Temple   | Found a transporter.
  4072 | Temple   | Found a transporter.
  4072 | Temple   | Found a transporter.
  4088 | Temple   | Became a worshipper of Makhleb the Destroyer
  4606 | D:6      | Reached skill level 9 in Axes
  4606 | D:6      | Reached skill level 1 in Invocations
  5003 | D:6      | Found a stormy altar of Qazlal.
  5669 | D:7      | Reached XP level 9. HP: 32/80 MP: 9/9
  5670 | D:7      | Reached skill level 10 in Axes
  6213 | D:7      | Reached skill level 1 in Evocations
  6316 | D:7      | Reached * piety under Makhleb
  6466 | D:7      | Identified the +3 sling of Righteous Fury {venom, rN+}
  6744 | D:8      | Found a sparkling altar of Nemelex Xobeh.
  6859 | D:8      | Noticed a komodo dragon
  6869 | D:8      | Killed a komodo dragon
  6870 | D:8      | Reached skill level 11 in Axes
  7176 | D:8      | Reached XP level 10. HP: 39/90 MP: 12/12
  7707 | D:8      | Found a bloodstained altar of Trog.
  7707 | D:8      | Found a shimmering altar of Xom.
  7707 | D:8      | Found a blossoming altar of Fedhas.
  7707 | D:8      | Found a white marble altar of Elyvilon.
  7765 | D:8      | Found a glowing silver altar of Zin.
  7808 | D:8      | Found a staircase to the Lair.
  8217 | D:9      | Noticed a two-headed ogre
  8223 | D:9      | Mangled by a two-headed ogre

Illustrated notes

Levels and vault maps discovered:
D:1:      shiori_arrival_maze, layout_basic, shapermc_ecumenical_altar_venn
D:2:      layout_rooms
D:3:      layout_loops_corners, uniq_ijyb
D:4:      layout_cave_pools, tgw_sif, vehumet_altar_wand_db, uniq_pikel,
          uniq_robin
D:5:      layout_basic, minmay_temple_entry_drinking_statues,
          ebering_ghost_sewer_f, kennysheep_doodads, uniq_menkaure
D:6:      layout_basic, mainiacjoe_overflow_cross_hatched, serial_bayou_pond_d
D:7:      layout_gridville, minmay_misc_feat_four_crosses,
          minmay_misc_feat_nine_boxes, grunt_ministairs_7,
          grunt_decor_one_mirror
D:8:      kennysheep_spiral_hall, layout_basic,
          chequers_temple_overflow_statue_of_worship,
          nemelex_xobeh_ov_fountains_minmay, zin_statuary,
          grunt_lair_entry_orc_guard_hut
D:9:      layout_loops_ring
Temple:   hellmonk_temple_divided_pantheon

Skill      XL: |  1  2  3  4  5  6  7  8  9 10 |
---------------+-------------------------------+-----
Axes           | 3 4 5 7 8 9 11 | 11.7
Fighting       | 4 5 6 7 8 |  8.9
Armour         | 4 5 6 7 8 |  8.9
Shields        | 4 |  4.0
Invocations    | 2 4 |  4.3
Evocations     | 2 3 |  3.0

Action                   |  1- 3 |  4- 6 |  7- 9 | 10-12 || total
-------------------------+-------+-------+-------+-------++-------
Melee: War axe           |    86 |   116 |   267 |    29 ||   498
       Headbutt          |    10 |    14 |    59 |     6 ||    89
Throw: Throwing net      |       |       |     1 |       ||     1
Evoke: Wand              |       |       |     9 |     1 ||    10
  Use: Potion            |       |     1 |       |       ||     1
 Stab: Held in net/web   |       |       |     1 |       ||     1
Armor: Scale mail        |    42 |       |       |       ||    42
       Chain mail        |     7 |    62 |   112 |    12 ||   193
Dodge: Dodged            |    51 |    44 |    91 |    10 ||   196
Block: Buckler           |    15 |    32 |    51 |     7 ||   105

Table legend: (Time is in decaauts)
 A = Elapsed time spent in this place.
 B = Non-inter-level travel time spent in this place.
 C = Inter-level travel time spent in this place.
 D = Time resting spent in this place.
 E = Time spent auto-exploring this place.
 F = Levels seen in this place.
 G = Mean time per level.
                   A        B        C        D        E       F      G
               +--------+--------+--------+--------+--------+-----+--------+
         Total |   8305 |   8090 |    215 |    419 |   6407 |  10 |  830.5 |
       Dungeon |   8270 |   8062 |    208 |    419 |   6401 |   9 |  918.9 |
        Temple |     34 |     27 |      7 |      0 |      6 |   1 |   34.0 |
               +--------+--------+--------+--------+--------+-----+--------+

Top non-repeatable levels by time:
     D:3: 1436 daAuts
     D:8: 1380 daAuts
     D:7: 1230 daAuts
     D:6: 1188 daAuts
     D:5: 866 daAuts
     D:1: 810 daAuts
     D:4: 678 daAuts
     D:2: 582 daAuts
     D:9: 97 daAuts
  Temple: 34 daAuts
